Map: Oxide LE

Players

sOs

  • Race: Protoss Protoss

HeroMarine - Winner!

  • Race: Terran Terran

Event: DreamHack SC2 Masters 2021 Fall

VOD

Have the link to the VOD?

Description

Time

  • Played on: Sept. 7, 2021, 10:23 a.m.
  • Length: 12:42

All games in this series

Show
View Real Time Build Order
Export as new Build Order

sOs Protoss 

Build Orders: 1 Gate Expand 

Get SALT Encoding   

  12  0:00  Probe  
  13  0:12  Probe  
  14  0:18  Pylon  
  14  0:24  Probe  
  15  0:36  Probe  
  15  0:40  Pylon  
  16  0:48  Probe  
  17  1:00  Gateway  
  17  1:01  Gateway  
  17  1:04  Probe  
  18  1:16  Probe  
  19  1:25  Nexus  
  19  1:29  Probe  
  20  1:42  Gateway, Probe  
  21  1:52  Assimilator  
  21  1:54  Probe  
  22  1:57  Assimilator  
  22  2:06  Probe  
  22  2:10  Pylon  
  22  2:18  Probe  
  23  2:28  Zealot (Chrono Boost)  
  23  2:29  Cybernetics Core  
  25  2:31  Probe  
  26  2:38  Probe  
  26  2:43  Probe  
  27  2:50  Probe  
  30  2:55  Probe  
  31  3:02  Probe  
  31  3:03  Stalker (Chrono Boost)  
  30  3:06  Warp Gate  
  30  3:07  Probe  
  32  3:14  Probe  
  32  3:15  Pylon  
  34  3:20  Probe  
  34  3:26  Stalker, Probe  
  35  3:32  Probe  
  36  3:34  Stargate  
  36  3:38  Shield Battery  
  36  3:43  Shield Battery  
  36  3:44  Probe (Chrono Boost)  
  38  3:49  Probe (Chrono Boost)  
  39  3:56  Probe (Chrono Boost)  
  39  3:57  Stalker  
  39  4:01  Probe x2 (Chrono Boost)  
  43  4:09  Void Ray (Chrono Boost)  
  42  4:10  Probe  
  42  4:12  Probe  
  44  4:22  Probe  
  49  4:25  Gateway x2  
  49  4:28  Probe  
  50  4:33  Pylon  
  50  4:36  Probe  
  51  4:39  Assimilator  
  51  4:40  Probe  
  51  4:45  Void Ray  
  56  4:57  Stalker  
  58  5:03  Pylon  
  58  5:10  Probe x2  
  60  5:19  Void Ray (Chrono Boost)  
  60  5:25  Nexus  
  60  5:28  Shield Battery  
  64  5:31  Twilight Council  
  64  5:48  Sentry  
  64  5:49  Zealot x2  
  70  5:51  Gateway  
  70  5:52  Gateway  
  70  5:57  Pylon  
  70  6:00  Gateway  
  70  6:02  Charge (Chrono Boost), Gateway  
  70  6:14  Forge  
  70  6:15  Probe x2 (Chrono Boost)  
  70  6:18  Sentry x2, Pylon, Zealot  
  78  6:35  Pylon, Probe x2 (Chrono Boost)  
  78  6:38  Probe  
  81  6:40  Shield Battery  
  81  6:42  Assimilator  
  81  6:44  Templar Archives  
  81  6:45  Probe x2  
  83  6:50  Probe  
  83  6:53  Zealot  
  83  6:54  Zealot x3  
  92  6:56  Pylon, Zealot  
  88  7:01  Protoss Ground Weapons Level 1 (Chrono Boost), Zealot x2  
  88  7:05  Probe x2  
  88  7:07  Probe  
  95  7:14  Photon Cannon, Psionic Storm  
  94  7:16  Photon Cannon  
  94  7:20  Probe  
  94  7:21  Probe x2  
  97  7:24  Assimilator  
  97  7:33  High Templar  
  97  7:34  Zealot x3  
  105  7:44  High Templar  
  105  7:45  Zealot  
  109  7:53  Pylon  
  109  7:54  Shield Battery  
  109  7:55  Pylon  
  109  7:57  Pylon  
  109  7:58  Pylon  
  101  8:07  Zealot  
  101  8:11  Zealot  
  101  8:12  Zealot x4  
  62  8:27  High Templar  
  62  8:29  Zealot  
  60  8:35  High Templar x2  
  60  8:36  Zealot x3  
  70  8:47  Pylon  
  68  8:51  Photon Cannon  
  66  8:57  Zealot x4  
  72  9:11  Zealot x3  
  72  9:14  Protoss Ground Armor Level 1 (Chrono Boost)  
  78  9:20  Stalker x2, Blink (Chrono Boost)  
  78  9:21  Stalker  
  78  9:46  Zealot x6  
  78  9:47  Zealot  
  92  10:02  Robotics Facility  
  88  10:15  Nexus  
  88  10:17  Pylon  
  88  10:29  Probe x2  
  88  10:33  Zealot  
  88  10:34  Zealot x3  
  98  10:40  Photon Cannon  
  96  10:45  Shield Battery  
  96  10:47  Zealot  
  98  10:52  Observer (Chrono Boost)  
  93  11:16  Observer  
  93  11:18  High Templar x4, Zealot  
  100  11:19  Zealot x2  
  103  11:49  High Templar  
  103  11:50  Zealot x5  
  103  11:51  High Templar  
  113  11:57  Archon  
  113  11:58  Archon  
  107  12:03  Observer  
  85  12:15  Probe x3  
  70  12:16  High Templar  
  70  12:17  High Templar, Zealot x3  
  80  12:23  Zealot x2  
  82  12:33  Archon  
  70  12:38  Zealot x3  
Show
View Real Time Build Order
Export as new Build Order

HeroMarine Terran - Winner!

Build Orders:  

Get SALT Encoding   

  12  0:00  SCV  
  13  0:12  SCV  
  14  0:17  Supply Depot  
  14  0:24  SCV  
  15  0:38  SCV  
  15  0:39  Barracks  
  16  0:43  Refinery  
  16  0:50  SCV  
  17  1:03  SCV  
  18  1:15  SCV  
  19  1:26  Marine  
  19  1:28  Orbital Command  
  20  1:45  Reaper  
  21  1:54  SCV  
  21  1:58  Supply Depot  
  22  2:06  SCV  
  23  2:19  Marine, SCV  
  25  2:24  Command Center  
  25  2:31  SCV  
  25  2:36  Supply Depot  
  25  2:37  Marine  
  26  2:44  SCV, Factory  
  28  2:56  SCV  
  28  2:57  Barracks Reactor  
  29  3:01  Refinery  
  29  3:08  SCV  
  30  3:20  SCV  
  30  3:25  Barracks  
  31  3:33  Marine, SCV  
  31  3:34  Marine  
  34  3:36  Widow Mine, Orbital Command, Starport  
  36  3:45  SCV  
  37  3:52  Marine x2  
  39  3:57  Widow Mine, SCV  
  42  4:03  SCV  
  42  4:09  SCV  
  44  4:12  Supply Depot, Barracks Tech Lab  
  44  4:13  Medivac  
  44  4:14  Marine x2  
  44  4:15  SCV  
  49  4:19  Widow Mine, Engineering Bay  
  49  4:23  SCV  
  52  4:27  SCV  
  52  4:30  Bunker  
  52  4:31  Stimpack  
  53  4:35  SCV  
  53  4:36  Marine  
  53  4:38  Marine, Supply Depot  
  55  4:39  SCV  
  55  4:41  Marauder  
  58  4:48  Factory Tech Lab, Starport Tech Lab, SCV  
  58  4:51  SCV  
  60  4:56  Widow Mine  
  60  4:59  Viking  
  64  5:00  SCV  
  64  5:01  Missile Turret  
  64  5:03  SCV, Missile Turret  
  64  5:05  Missile Turret  
  66  5:10  Marine x3  
  66  5:12  SCV  
  69  5:14  Missile Turret  
  69  5:15  SCV  
  69  5:17  Factory Tech Lab  
  70  5:28  Supply Depot  
  70  5:29  Marine x3, SCV  
  70  5:30  SCV  
  70  5:31  Medivac  
  70  5:34  Refinery  
  77  5:40  Supply Depot  
  76  5:47  Marine  
  76  5:48  Marine  
  76  5:49  Marine  
  78  5:50  Siege Tank  
  78  5:52  Supply Depot  
  78  5:55  SCV  
  83  6:00  Barracks  
  83  6:01  Starport Reactor  
  83  6:04  SCV  
  84  6:05  Marine x2  
  84  6:07  Marine, SCV  
  88  6:14  Combat Shield  
  88  6:15  Supply Depot  
  88  6:21  Terran Infantry Weapons Level 1  
  88  6:23  Marine x2  
  88  6:25  Marine  
  92  6:27  Barracks  
  92  6:31  Refinery  
  91  6:34  Barracks  
  91  6:36  Siege Tank  
  94  6:40  Marine  
  94  6:41  Marine  
  94  6:45  SCV x2  
  97  6:49  Starport Reactor  
  97  6:50  Marine  
  98  6:58  Marine  
  98  6:59  Marine  
  100  7:08  Marine x3  
  100  7:10  Supply Depot  
  100  7:11  Supply Depot  
  100  7:15  Siege Tank  
  106  7:16  Marine  
  106  7:18  Barracks Tech Lab  
  106  7:21  Barracks Tech Lab  
  107  7:25  SCV x2  
  107  7:29  Command Center  
  109  7:32  Marauder  
  109  7:36  Medivac x2  
  115  7:41  Marauder x2  
  119  7:48  Siege Tank  
  119  7:51  Marine x2  
  122  7:52  Marine  
  122  7:58  Marauder  
  125  8:01  Marine  
  125  8:02  Marauder x2  
  118  8:09  Marine x3  
  109  8:18  Marine  
  109  8:19  Marine  
  101  8:28  Marine  
  101  8:33  Marine  
  101  8:34  Marine  
  97  8:42  SCV  
  97  8:45  Orbital Command  
  97  8:47  SCV  
  97  8:54  SCV  
  98  9:00  SCV, Armory  
  99  9:03  Marauder  
  99  9:04  Marauder  
  99  9:06  SCV  
  98  9:11  SCV  
  98  9:12  SCV  
  98  9:16  Marauder  
  102  9:20  Marine  
  102  9:21  Marine, Medivac x2  
  108  9:25  Marauder  
  108  9:26  Marauder, Orbital Command  
  108  9:29  Widow Mine  
  108  9:30  Widow Mine  
  108  9:31  Marauder  
  118  9:35  SCV x2  
  118  9:37  Marine  
  117  9:46  Marauder  
  117  9:47  Terran Infantry Armor Level 1, SCV x2, Marauder  
  117  9:52  Marauder  
  125  9:58  SCV  
  125  9:59  SCV x2  
  128  10:00  Bunker  
  128  10:05  Supply Depot, Medivac  
  130  10:09  Widow Mine  
  132  10:21  Supply Depot  
  132  10:22  SCV  
  132  10:23  Supply Depot  
  132  10:24  Supply Depot  
  132  10:26  SCV, Medivac  
  132  10:27  Widow Mine  
  138  10:32  Marauder  
  138  10:33  Ghost Academy  
  140  10:37  Marauder  
  140  10:38  Engineering Bay  
  140  10:40  SCV, Refinery  
  140  10:41  SCV, Refinery  
  144  10:52  Widow Mine x2, Medivac  
  144  10:56  Medivac  
  152  10:59  Supply Depot  
  152  11:02  Concussive Shells  
  152  11:03  Marine x5  
  157  11:06  Marine  
  150  11:19  Widow Mine x2  
  150  11:20  Marine, Ghost  
  150  11:21  Ghost  
  150  11:22  Medivac  
  156  11:26  Ghost  
  156  11:29  Marine x2  
  160  11:38  Marine  
  160  11:40  Widow Mine x2  
  160  11:45  Medivac  
  166  11:47  Marauder  
  166  11:50  Marauder x2, Marine  
  169  11:56  Marauder  
  169  12:00  Marine  
  166  12:02  Widow Mine x2  
  166  12:08  Marine, Marauder  
  155  12:11  Marine, Marauder  
  144  12:17  Marine x2  

Tags
 
Add a new tag
Caveats
  • Supply blocks, unpowered buildings, or Contaminate may cause inaccurate times.
  • Supply counts are checked every 10 seconds.